 Dungeon Crawl Stone Soup version 0.18.1-8-gdd0e5ea (webtiles) character file.

143642 Lathuz the Warrior (level 16, -2/157 HPs)
             Began as a Minotaur Fighter on May 24, 2016.
             Was the Champion of Okawaru.
             Slain by an emperor scorpion (8 damage)
             ... on level 4 of the Spider Nest.
             The game lasted 01:18:19 (29583 turns).

Lathuz the Warrior (Minotaur Fighter)              Turns: 29583, Time: 01:18:19

Health: -2/157     AC: 30    Str: 22    XL:     16   Next: 83%
Magic:  0/15       EV: 17    Int:  5    God:    Okawaru [******]
Gold:   2028       SH: 17    Dex: 18    Spells: 0 memorised, 15 levels left

rFire  + . .     SeeInvis +     S - +6 demon whip (elec)
rCold  + + +     Gourm    .     G - +4 plate armour {rN+}
rNeg   + + .     Faith    .     A - +1 shield of Charity {MR+ Regen+ Dex+2}
rPois  .         Spirit   .     (helmet restricted)
rElec  .         Dismiss  .     Q - +0 cloak "Orchuah" {+Inv rC++ Dex-2 SInv}
rCorr  .         Reflect  +     R - +1 pair of gloves
SustAt .         Harm     .     b - +2 pair of boots "Ygykh" {rC+ Dex+2}
MR     ++...                    w - +2 amulet of reflection
Stlth  ..........               B - ring of protection from fire
                                F - ring of positive energy

@: lethally poisoned (-2 -> -56), very resistant to hostile enchantments,
extremely unstealthy
A: retaliatory headbutt, horns 2, see invisible
a: Heroism, Finesse, Renounce Religion, Evoke Invisibility


You were on level 4 of the Spider Nest.
You worshipped Okawaru.
Okawaru was exalted by your worship.
You were not hungry.

You visited 4 branches of the dungeon, and saw 26 of its levels.

You collected 2677 gold pieces.
You spent 649 gold pieces at shops.

Inventory:

Hand Weapons
 S - a +6 demon whip of electrocution (weapon)
Missiles
 k - 728 stones (quivered)
Armour
 b - the +2 pair of boots "Ygykh" (worn) {rC+ Dex+2}
   (You acquired it on level 6 of the Lair of Beasts)

   It affects your dexterity (+2).
   It protects you from cold.
 u - a +2 pair of boots of stealth
 A - the +1 shield of Charity (worn) {MR+ Regen+ Dex+2}
   (You found it on level 2 of the Lair of Beasts)

   It affects your dexterity (+2).
   It affects your resistance to hostile enchantments.
   It increases your rate of regeneration.
 G - a +4 plate armour of positive energy (worn)
 Q - the +0 cloak "Orchuah" (worn) {+Inv rC++ Dex-2 SInv}
   (You found it on level 7 of the Dungeon)

   It affects your dexterity (-2).
   It greatly protects you from cold.
   It lets you see invisible.
   It lets you turn invisible.
 R - a +1 pair of gloves (worn)
Jewellery
 t - an uncursed amulet of dismissal {unknown}
 w - a +2 amulet of reflection (around neck)
 B - a ring of protection from fire (right hand)
 F - a ring of positive energy (left hand)
Wands
 c - a wand of slowing (43/48)
 e - a wand of polymorph (9/24)
 g - a wand of polymorph (8/24)
 j - a wand of lightning (11/15)
 m - a wand of iceblast (6/15)
 x - a wand of digging (10/24)
 K - a wand of iceblast (8/15)
 O - a wand of slowing (6/48)
 W - a wand of enslavement (13/24)
 Y - a wand of heal wounds (6/9)
Scrolls
 h - 7 scrolls of amnesia
 o - 4 scrolls of magic mapping
 q - 8 scrolls of teleportation
 r - 2 scrolls of fear
 y - 4 scrolls of fog
 z - 2 scrolls of acquirement
 E - 9 scrolls of remove curse
 J - 4 scrolls of identify
 U - a scroll of summoning
 V - 4 scrolls of recharging
 Z - a scroll of brand weapon {unknown}
Potions
 a - a potion of haste
 d - 3 potions of might
 n - a potion of resistance
 p - 3 potions of flight
 s - 3 potions of brilliance
 v - 3 potions of magic
 C - 7 potions of heal wounds
 D - 3 potions of cancellation
 H - 3 potions of invisibility
 I - a potion of ambrosia
 L - a potion of berserk rage
 M - 8 potions of curing
Miscellaneous
 T - a box of beasts
Comestibles
 f - 20 bread rations
 l - 18 meat rations
 N - 4 slices of pizza
 P - 25 fruits
 X - a royal jelly


   Skills:
 - Level 18.1 Fighting
 - Level 12.5 Maces & Flails
 + Level 17.3 Armour
 * Level 15.5 Dodging
 - Level 15.2 Shields


You had 15 spell levels left.
You didn't know any spells.

Dungeon Overview and Level Annotations

Branches:
Dungeon (12/15)            Temple (0/1) D:5            Lair (8/8) D:10
 Shoals (0/4) Lair:5       Spider (4/4) Lair:4        Slime (0/6) Lair:7
    Orc (2/2) D:12            Elf (0/3) Orc:2

Altars:
Ashenzari
Dithmenos
Elyvilon
Kikubaaqudgha
Nemelex Xobeh
Okawaru
Pakellas
Qazlal
Sif Muna
Trog
Xom
Yredelemnul
Zin
The Shining One
Beogh
Jiyva

Shops:
D:8 :*[   D:9 (   D:11 [   Orc:1 !   Orc:2 [}!(


Innate Abilities, Weirdness & Mutations

You reflexively headbutt those who attack you in melee.
You have a pair of horns on your head.
You have supernaturally acute eyesight.


Message History

The emperor scorpion claws you but does no damage.
You block the emperor scorpion's attack.
The emperor scorpion claws you.
* * * LOW HITPOINT WARNING * * *
The emperor scorpion barely misses you.
You don't have enough magic at the moment.
You hit the emperor scorpion.
There is a sudden explosion of sparks!
The emperor scorpion is almost dead.
* * * LOW HITPOINT WARNING * * *
You feel very sick.
You closely miss the emperor scorpion.
The emperor scorpion is almost dead.
* * * LOW HITPOINT WARNING * * *
You feel very sick. The emperor scorpion stings you!
* * * LOW HITPOINT WARNING * * *
You block the emperor scorpion's attack.
The emperor scorpion claws you but does no damage.
The emperor scorpion barely misses you. The emperor scorpion claws you!
You die...

.##...##.^ #...#
..≈...##... #≈.≈###
.....## ...#####.≈.#
≈....## #'y.##≈.≈#
#...^≈# #'...yy.≈#
##≈≈.≈##.y.##≈.yyy##
###.≈##.y ####yy#
##≈.≈##. ##s##
##..≈### ##s@#
≈≈.†^##### ###≈.≈#
...###...###≈...≈#
..≈##.≈≈^##≈....##
.≈###.≈≈##≈...≈≈≈#
.## ##≈≈≈..≈.≈#≈≈##
..####.≈...####≈≈≈#
..≈≈....≈≈## #...≈#
≈.....≈#### ##..##


You could see 2 emperor scorpions, a ghost moth (invisible), a moth of wrath and
5 hornets.

Vanquished Creatures
  Kirke (Spider:2)
  An orc warlord (Orc:2)
  Donald (Orc:2)
  Maud (Lair:3)
  7 ghost moths
  2 emperor scorpions
  2 spark wasps
  A fire dragon (Lair:8)
  Josephine (Lair:4)
  Fannar (Lair:2)
  3 hydras
  3 entropy weavers
  2 catoblepae (Lair:6)
  The ghost of sveltemanboy the Covert, a journeyman DsAK of Lugonu (Lair:2)
  The ghost of Lovchig the Blocker, a novice MiFi of Qazlal (D:9)
  4 death yaks (Lair:5)
  4 orc high priests (Orc:2)
  2 deep trolls (D:11)
  An unseen horror (D:12)
  2 hill giants (D:11)
  Pikel (D:6)
  6 orc knights
  21 orb spiders
  6 orc sorcerers
  3 ugly things
  3 hornets
  24 wolf spiders
  3 elephants (Lair:5)
  2 griffons (Lair:8)
  A moth of wrath (Spider:4)
  7 black mambas
  2 torpor snails
  A guardian serpent (Lair:8)
  3 centaur skeletons
  2 gargoyles (D:11)
  A kobold demonologist (D:6)
  6 komodo dragons
  22 spiny frogs
  4 rime drakes
  6 demonic crawlers
  An efreet (D:9)
  29 jumping spiders
  3 two-headed ogres
  10 trolls
  12 blink frogs
  3 polar bears
  3 boulder beetles
  3 slime creatures
  Sigmund (D:3)
  92 redbacks
  2 spriggans
  70 yaks
  5 wraiths
  23 tarantellas
  A shadow (D:12)
  A vampire (D:12)
  3 basilisks
  4 wyverns (Lair:8)
  3 fire bats (Lair:3)
  2 steam dragons (Lair:8)
  Eustachio (D:4)
  9 hippogriffs
  A hungry ghost (D:11)
  2 hogs (Spider:2)
  4 wargs (Orc:2)
  2 mottled dragons
  22 water moccasins
  2 swamp drakes (Lair:8)
  48 orc warriors
  7 porcupines
  3 sky beasts
  5 wasps
  An eye of draining (D:8)
  2 black bears
  2 slaves (D:6)
  4 centaurs
  An ice beast (D:7)
  14 wolves
  16 ogres
  2 big kobolds
  17 crocodiles
  22 giant frogs
  A water moccasin zombie (D:7)
  3 scorpions
  6 killer bees
  9 wights
  5 howler monkeys
  11 electric eels
  4 crimson imps
  2 quasits
  A hound (D:7)
  43 orc priests
  2 giant frog zombies
  A gnoll shaman (D:5)
  28 orc wizards
  A giant frog skeleton (D:11)
  Natasha (thrice) (D:4)
  14 iguanas
  12 worker ants
  8 sheep
  3 hound skeletons
  2 worker ant zombies
  Robin (D:3)
  A howler monkey skeleton (D:4)
  26 adders
  10 gnolls
  74 river rats
  3 shadow imps
  12 white imps (Lair:2)
  3 oozes
  An adder zombie (D:5)
  An adder skeleton (D:9)
  6 worms
  3 dart slugs
  7 giant geckos
  148 orcs
  6 bats
  11 giant cockroaches
  12 goblins
  7 hobgoblins
  11 jackals
  3 quokkas
  2 ball pythons
  5 giant newts
  19 kobolds
  3 quokka skeletons
  A quokka zombie (D:8)
  13 rats
  3 plants (Lair:8)
1174 creatures vanquished.

Vanquished Creatures (others)
  An orb spider (Spider:1)
  A jumping spider (Spider:4)
  A slave (D:6)
  2 centaurs
  An adder (D:6)
  A giant gecko (D:6)
  2 orcs (Orc:1)
  A kobold (D:9)
  37 fungi
  26 plants
73 creatures vanquished.

Grand Total: 1247 creatures vanquished

Notes
Turn   | Place    | Note
--------------------------------------------------------------
     0 | D:1      | Lathuz the Minotaur Fighter began the quest for the Orb.
     0 | D:1      | Reached XP level 1. HP: 19/19 MP: 0/0
   136 | D:1      | Reached XP level 2. HP: 26/26 MP: 1/1
   481 | D:1      | Reached XP level 3. HP: 23/31 MP: 2/2
   989 | D:2      | Reached XP level 4. HP: 39/39 MP: 3/3
  1395 | D:2      | Found a glowing silver altar of Zin.
  1432 | D:2      | Found an iron altar of Okawaru.
  1442 | D:2      | Became a worshipper of Warmaster Okawaru
  1731 | D:3      | Noticed Sigmund
  1837 | D:3      | Killed Sigmund
  1837 | D:3      | Reached * piety under Okawaru
  1837 | D:3      | Reached skill level 5 in Shields
  1837 | D:3      | Reached XP level 5. HP: 26/45 MP: 4/4
  1975 | D:3      | Reached XP level 6. HP: 51/51 MP: 5/5
  2047 | D:3      | Found a glowing golden altar of the Shining One.
  2219 | D:3      | Noticed Robin
  2234 | D:3      | Killed Robin
  2396 | D:3      | Found a basalt altar of Yredelemnul.
  2485 | D:3      | Found a shattered altar of Ashenzari.
  2640 | D:3      | Noticed an angel
  2661 | D:4      | Noticed Natasha
  2676 | D:4      | Killed Natasha
  2770 | D:4      | Found a bloodstained altar of Trog.
  2802 | D:4      | Noticed Eustachio
  2812 | D:4      | Killed Eustachio
  2842 | D:4      | Reached XP level 7. HP: 47/57 MP: 6/6
  3002 | D:4      | Noticed Natasha
  3017 | D:4      | Killed Natasha
  3519 | D:4      | Found a white marble altar of Elyvilon.
  3521 | D:4      | Noticed Natasha
  3528 | D:4      | Killed Natasha
  3717 | D:4      | Reached ** piety under Okawaru
  3936 | D:5      | Entered Level 5 of the Dungeon
  4230 | D:5      | Found a shimmering altar of Xom.
  4348 | D:5      | Found a shadowy altar of Dithmenos.
  4452 | D:5      | Reached XP level 8. HP: 64/64 MP: 7/7
  4771 | D:5      | Found a staircase to the Ecumenical Temple.
  5311 | D:6      | Reached skill level 10 in Maces & Flails
  5549 | D:6      | Reached *** piety under Okawaru
  5728 | D:6      | Noticed Pikel
  5774 | D:6      | Killed Pikel
  5774 | D:6      | Reached skill level 10 in Shields
  5774 | D:6      | Reached XP level 9. HP: 30/70 MP: 5/8
  5897 | D:6      | Noticed a kobold demonologist
  5913 | D:6      | Killed a kobold demonologist
  6097 | D:6      | Found an iron altar of Okawaru.
  6409 | D:7      | Found a sparkling altar of Nemelex Xobeh.
  6438 | D:7      | Reached **** piety under Okawaru
  7042 | D:7      | Reached XP level 10. HP: 60/77 MP: 9/9
  7177 | D:7      | Reached skill level 4 in Fighting
  7207 | D:7      | Received a gift from Okawaru
  7254 | D:7      | Got a scorched cloak
  7265 | D:7      | Identified the cursed +0 cloak "Orchuah" {+Inv rC++ Dex-2 SInv} (You found it on level 7 of the Dungeon)
  7824 | D:8      | Found an ancient bone altar of Kikubaaqudgha.
  7843 | D:8      | Found Mur Vusch's Armour Shop.
  7862 | D:8      | Reached skill level 5 in Fighting
  8017 | D:8      | Found Taloth's General Store.
  8058 | D:8      | Found Raxtehed's Book Shoppe.
  8181 | D:8      | HP: 4/82 [orc priest/divine providence (12)]
  8189 | D:8      | Found a deep blue altar of Sif Muna.
  8829 | D:9      | Reached skill level 6 in Fighting
  9008 | D:9      | Reached ***** piety under Okawaru
  9166 | D:9      | Found Satur's Weapon Boutique.
  9183 | D:9      | Got a glittering diamond amulet
  9299 | D:9      | Reached skill level 7 in Fighting
  9407 | D:9      | Noticed Lovchig's ghost (novice MiFi)
  9428 | D:9      | Killed Lovchig's ghost
  9669 | D:9      | Reached skill level 8 in Fighting
  9916 | D:10     | Entered Level 10 of the Dungeon
 10011 | D:10     | Found a staircase to the Lair.
 10172 | D:10     | Reached XP level 11. HP: 65/95 MP: 10/10
 10559 | D:10     | Found an oddly glowing altar of Pakellas.
 10634 | Lair:1   | Entered Level 1 of the Lair of Beasts
 10948 | Lair:1   | Reached skill level 9 in Fighting
 11932 | Lair:1   | Reached skill level 10 in Fighting
 12318 | Lair:2   | Noticed Fannar
 12345 | Lair:2   | Killed Fannar
 12546 | Lair:2   | Reached ****** piety under Okawaru
 12631 | Lair:2   | Noticed sveltemanboy's ghost (journeyman DsAK)
 12664 | Lair:2   | Killed sveltemanboy's ghost
 12664 | Lair:2   | Reached skill level 15 in Shields
 12835 | Lair:2   | Reached skill level 11 in Fighting
 13236 | Lair:2   | Got a crude shield
 13237 | Lair:2   | Identified the +1 shield of Charity {MR+ Regen+ Dex+2} (You found it on level 2 of the Lair of Beasts)
 13253 | Lair:2   | Noticed a five-headed hydra
 13259 | Lair:2   | Killed a five-headed hydra
 13388 | Lair:2   | Reached skill level 5 in Armour
 14013 | Lair:3   | Reached XP level 12. HP: 111/111 MP: 11/11
 14101 | Lair:3   | Received a gift from Okawaru
 14113 | Lair:3   | Noticed Maud
 14122 | Lair:3   | Killed Maud
 14122 | Lair:3   | Reached skill level 12 in Fighting
 14126 | Lair:3   | Identified the amulet "Ajuydonk" {Spirit MR+ Int+4} (You found it on level 9 of the Dungeon)
 14611 | Lair:3   | Found a dark tunnel.
 14692 | Lair:3   | Reached skill level 13 in Fighting
 14700 | Lair:3   | Received a gift from Okawaru
 14706 | Lair:3   | Got an ancient hand crossbow {god gift}
 14713 | Lair:3   | Identified the +2 hand crossbow of Desperation {flame, MP+9 Dex+3 SInv} (Okawaru gifted it to you on level 3 of the Lair of Beasts)
 14972 | Lair:4   | Found a hole to the Spider Nest.
 15538 | Lair:5   | Noticed Josephine
 15570 | Lair:4   | Reached skill level 10 in Armour
 15602 | Lair:4   | Killed Josephine
 15630 | Lair:5   | Reached skill level 14 in Fighting
 15654 | Lair:5   | Noticed a death yak
 15667 | Lair:5   | Killed a death yak
 15677 | Lair:5   | Noticed a death yak
 15678 | Lair:5   | Noticed a death yak
 15680 | Lair:5   | Noticed a death yak
 15687 | Lair:5   | Killed a death yak
 15687 | Lair:5   | Reached XP level 13. HP: 104/124 MP: 12/12
 15699 | Lair:5   | Received a gift from Okawaru
 15699 | Lair:5   | Reached skill level 1 in Dodging
 16588 | Lair:5   | Found a staircase to the Shoals.
 16804 | Lair:6   | Reached skill level 5 in Dodging
 17438 | Lair:6   | Received a gift from Okawaru
 17794 | Lair:6   | Identified a scroll of acquirement
 17795 | Lair:6   | Got a pair of translucent boots
 17801 | Lair:6   | Identified the +2 pair of boots "Ygykh" {rC+ Dex+2} (You acquired it on level 6 of the Lair of Beasts)
 17826 | Lair:7   | Found a staircase to the Slime Pits.
 17826 | Lair:7   | Found a viscous altar of Jiyva.
 18338 | Lair:8   | Entered Level 8 of the Lair of Beasts
 18805 | Lair:8   | Reached XP level 14. HP: 96/133 MP: 13/13
 18825 | Lair:8   | Received a gift from Okawaru
 19083 | Lair:8   | Reached skill level 15 in Fighting
 20054 | D:11     | Found Qideeves's Armour Emporium.
 20131 | D:11     | Received a gift from Okawaru
 20332 | D:11     | Found a runed door.
 20341 | D:11     | Found a runed door.
 20449 | D:11     | Reached skill level 16 in Fighting
 20931 | D:11     | Found a stormy altar of Qazlal.
 21596 | D:12     | Received a gift from Okawaru
 21600 | D:12     | Got a steaming demon trident {god gift}
 21867 | D:12     | Found a staircase to the Orcish Mines.
 22587 | Orc:1    | Entered Level 1 of the Orcish Mines
 22588 | Orc:1    | Paralysed by an orc sorcerer for 3 turns
 22617 | Orc:1    | Reached skill level 17 in Fighting
 22871 | Orc:1    | Found Qotyg's Distillery.
 22889 | Orc:1    | Bought 2 potions of invisibility for 176 gold pieces
 22889 | Orc:1    | Bought a potion of ambrosia for 88 gold pieces
 22889 | Orc:1    | Bought a potion of beneficial mutation for 385 gold pieces
 22889 | Orc:1    | Gained mutation: You have supernaturally acute eyesight. [potion of beneficial mutation]
 22955 | Orc:2    | Entered Level 2 of the Orcish Mines
 23205 | Orc:2    | Noticed Donald
 23242 | Orc:2    | Killed Donald
 23546 | Orc:2    | Found a roughly hewn altar of Beogh.
 23709 | Orc:2    | Found Kobulug's Armour Emporium.
 23717 | Orc:2    | Reached XP level 15. HP: 146/147 MP: 14/14
 23738 | Orc:2    | Found Qeofyam's Gadget Shoppe.
 23856 | Orc:2    | Received a gift from Okawaru
 23857 | Orc:2    | Got a shimmering chain mail {god gift}
 23868 | Orc:2    | Identified the +7 chain mail "Lulof" {*Drain rElec rPois rC- Regen+} (Okawaru gifted it to you on level 2 of the Orcish Mines)
 24312 | Orc:2    | Found a staircase to the Elven Halls.
 24662 | Orc:2    | Noticed an orc warlord
 24671 | Orc:2    | Killed an orc warlord
 24671 | Orc:2    | Reached skill level 18 in Fighting
 24706 | Orc:2    | Found Gufoqod's Distillery.
 24804 | Orc:2    | Found a roughly hewn altar of Beogh.
 24861 | Orc:2    | Found Patrepn's Antique Weapon Shoppe.
 25445 | Spider:1 | Entered Level 1 of the Spider Nest
 25453 | Spider:1 | Reached skill level 15 in Armour
 25457 | Spider:1 | Reached skill level 10 in Dodging
 25765 | Spider:1 | Received a gift from Okawaru
 26569 | Spider:2 | Noticed Kirke
 26589 | Spider:2 | Killed Kirke
 26658 | Spider:2 | Noticed a ghost moth
 26665 | Spider:2 | Killed a ghost moth
 26665 | Spider:2 | Received a gift from Okawaru
 26867 | Spider:2 | Noticed a ghost moth
 26873 | Spider:2 | Killed a ghost moth
 26960 | Spider:2 | Reached XP level 16. HP: 86/157 MP: 15/15
 27563 | Spider:3 | Received a gift from Okawaru
 28228 | Spider:4 | Entered Level 4 of the Spider Nest
 28375 | Spider:4 | Received a gift from Okawaru
 28934 | Spider:4 | Reached skill level 15 in Dodging
 29583 | Spider:4 | HP: 6/157 [emperor scorpion (14)]
 29583 | Spider:4 | Slain by an emperor scorpion

Skill      XL: |  1  2  3  4  5  6  7  8  9 10 11 12 13 14 15 16 |
---------------+-------------------------------------------------+-----
Maces & Flails | 3 4 6 7 8 11 12 | 12.5
Shields        | 4 5 6 8 10 12 13 15 | 15.2
Fighting       | 8 11 14 17 18 | 18.1
Armour         | 5 10 12 14 16 17 | 17.3
Dodging        | 9 12 15 | 15.5

Action                   |  1- 3 |  4- 6 |  7- 9 | 10-12 | 13-15 | 16-18 || total
-------------------------+-------+-------+-------+-------+-------+-------++-------
Melee: Flail             |    93 |   143 |   285 |       |       |       ||   521
       Headbutt          |    11 |    17 |   103 |   191 |   442 |   166 ||   930
       Morningstar       |       |       |    99 |   687 |       |       ||   786
       Whip              |       |       |    46 |       |       |       ||    46
       Demon whip        |       |       |       |   205 |  1852 |   558 ||  2615
Throw: Stone             |       |    17 |       |    30 |     3 |       ||    50
Invok: Heroism           |       |     2 |     5 |     3 |     4 |     1 ||    15
       Finesse           |       |       |       |     1 |       |       ||     1
Evoke: Wand              |       |       |       |       |     2 |       ||     2
  Use: Scroll            |       |       |     7 |    14 |    23 |     1 ||    45
       Potion            |       |       |       |       |     1 |     2 ||     3
 Stab: Distracted        |       |       |       |       |     1 |       ||     1
  Eat: Chunk             |       |     7 |    13 |    25 |    29 |     1 ||    75
       Fruit             |       |       |     1 |     4 |       |       ||     5
       Royal jelly       |       |       |       |       |     3 |       ||     3
       Beef jerky        |       |       |       |       |     1 |     6 ||     7
Armor: Scale mail        |    42 |    40 |    30 |       |       |       ||   112
       Plate armour      |       |       |   121 |   232 |   423 |   208 ||   984
Dodge: Dodged            |    21 |    28 |    46 |   108 |   334 |   208 ||   745
Block: Shield            |    40 |    80 |   265 |   549 |   927 |   422 ||  2283
       Reflection        |       |       |     9 |    13 |    24 |       ||    46
